3A
BELLEVILLE BULLS @ IDAHO FALLS CHUKARS
07/03/2034
 
TOP OF THE 1ST
Belleville Bulls batting - Pitching for Idaho Falls Chukars : RHP José Gómez
Pitching: RHP José Gómez
Batting: SHB Júlio Moreno 0-0: Ball
1-0: Fly out, F7 (Flyball, 7LMF)
Batting: RHB Glenn Curtis 0-0: Ball
1-0: Ground out 1-3 (Groundball, 13S)
Batting: RHB Holden Ford 0-0: Called Strike
0-1: Swinging Strike
0-2: Strikes out swinging
Top of the 1st over - 0 runs, 0 hits, 0 errors, 0 left on base; Belleville 0 - Idaho Falls 0
BOTTOM OF THE 1ST
Idaho Falls Chukars batting - Pitching for Belleville Bulls : RHP Jesús Castillo
Pitching: RHP Jesús Castillo
Batting: LHB Júlio Solís 0-0: Ball
1-0: Ball
2-0: Called Strike
2-1: Foul Ball, location: 2F
2-2: Strikes out swinging
Batting: RHB Bellmay Blake 0-0: Ball
1-0: Ball
2-0: Ball
3-0: Called Strike
3-1: Swinging Strike
3-2: Foul Ball, location: 2F
3-2: Ground out 6-3 (Groundball, 56D)
Batting: RHB Tak-wai Jia 0-0: Called Strike
0-1: Ball
1-1: Ball
2-1: Foul Ball, location: 2F
2-2: Strikes out swinging
Bottom of the 1st over - 0 runs, 0 hits, 0 errors, 0 left on base; Belleville 0 - Idaho Falls 0
TOP OF THE 2ND
Belleville Bulls batting - Pitching for Idaho Falls Chukars : RHP José Gómez
Batting: RHB Rey McSriff 0-0: Fly out, F5 (Line Drive, 5L)
Batting: LHB Juan Rodríguez 0-0: Ball
1-0: SINGLE (Groundball, 4MS) (infield hit)
Batting: RHB Cary Collins 0-0: Ball
1-0: Ball
2-0: Called Strike
2-1: Foul Ball, location: 2F
2-2: Ball
3-2: Fly out, F7 (Flyball, 78D)
Batting: RHB Gary Goodwin 0-0: Swinging Strike
0-1: Called Strike
0-2: Strikes out swinging
Top of the 2nd over - 0 runs, 1 hit, 0 errors, 1 left on base; Belleville 0 - Idaho Falls 0
BOTTOM OF THE 2ND
Idaho Falls Chukars batting - Pitching for Belleville Bulls : RHP Jesús Castillo
Batting: RHB Jung-heum Ho 0-0: Ball
1-0: SOLO HOME RUN (Flyball, 9LD), Distance : 372 ft
Batting: SHB Joel Washington 0-0: Ball
1-0: Foul Ball, location: 2F
1-1: Foul Ball, location: 2F
1-2: Ball
2-2: Foul Ball, location: 2F
2-2: Strikes out swinging
Batting: RHB Frank Simon 0-0: Called Strike
0-1: Called Strike
0-2: Ball
1-2: Ball
2-2: Ball
3-2: Strikes out looking
Batting: RHB Rick Johnson 0-0: SINGLE (Line Drive, 8RS)
Batting: RHB Ramón González 0-0: Ball
Rick Johnson steals 2nd base
1-0: Ground out 5-3 (Groundball, 56)
Bottom of the 2nd over - 1 run, 2 hits, 0 errors, 1 left on base; Belleville 0 - Idaho Falls 1
TOP OF THE 3RD
Belleville Bulls batting - Pitching for Idaho Falls Chukars : RHP José Gómez
Batting: RHB Kazunari Mizuno 0-0: Ball
1-0: Ball
2-0: Ball
3-0: Called Strike
3-1: Foul Ball, location: 2F
3-2: Strikes out swinging
Batting: RHB Aron Cruickshank 0-0: Ground out 6-3 (Groundball, 6)
Batting: SHB Júlio Moreno 0-0: Called Strike
0-1: Foul Ball, location: 2F
0-2: Fly out, F6 (Popup, 6M)
Top of the 3rd over - 0 runs, 0 hits, 0 errors, 0 left on base; Belleville 0 - Idaho Falls 1
BOTTOM OF THE 3RD
Idaho Falls Chukars batting - Pitching for Belleville Bulls : RHP Jesús Castillo
Batting: SHB Ricardo Ríos 0-0: Ball
1-0: Ball
2-0: Called Strike
2-1: Ball
3-1: Foul Ball, location: 2F
3-2: Ground out U3 (Groundball, 3)
Batting: LHB Júlio Solís 0-0: Ball
1-0: Ball
2-0: Fly out, F8 (Flyball, 8LXD)
Batting: RHB Bellmay Blake 0-0: Called Strike
0-1: Foul Ball, location: 2F
0-2: Foul Ball, location: 2F
0-2: Ball
1-2: Ball
2-2: Foul Ball, location: 2F
2-2: Ball
3-2: Reached on error, E5 (Groundball, 56S)
Batting: RHB Tak-wai Jia 0-0: Ball
1-0: SINGLE (Groundball, 4MD)
Bellmay Blake to third
Runner from 3rd tries for Home, SAFE, no throw
Batting: RHB Jung-heum Ho 0-0: Ball
1-0: Ball
2-0: Ball
3-0: Called Strike
3-1: Base on Balls
Tak-wai Jia to second
Batting: SHB Joel Washington 0-0: Ball
1-0: SINGLE (Line Drive, 9S)
Tak-wai Jia to third
Jung-heum Ho to second
Runner from 3rd tries for Home, SAFE, no throw
Batting: RHB Frank Simon 0-0: Ball
1-0: Ball
2-0: Foul Ball, location: 2F
2-1: Foul Ball, location: 2F
2-2: Strikes out swinging
Bottom of the 3rd over - 2 runs, 2 hits, 1 error, 2 left on base; Belleville 0 - Idaho Falls 3
TOP OF THE 4TH
Belleville Bulls batting - Pitching for Idaho Falls Chukars : RHP José Gómez
Batting: RHB Glenn Curtis 0-0: Ball
1-0: Called Strike
1-1: Called Strike
1-2: Ball
2-2: Ball
3-2: Strikes out swinging
Batting: RHB Holden Ford 0-0: Foul Ball, location: 2F
0-1: Ball
1-1: Called Strike
1-2: Strikes out swinging
Batting: RHB Rey McSriff 0-0: Ball
1-0: Foul Ball, location: 2F
1-1: Fly out, F8 (Flyball, 8LM)
Top of the 4th over - 0 runs, 0 hits, 0 errors, 0 left on base; Belleville 0 - Idaho Falls 3
BOTTOM OF THE 4TH
Idaho Falls Chukars batting - Pitching for Belleville Bulls : RHP Jesús Castillo
Pitching: RHP António Esquivel
Batting: RHB Rick Johnson 0-0: Foul Ball, location: 2F
0-1: Fly out, F7 (Flyball, 78S)
Batting: RHB Ramón González 0-0: Swinging Strike
0-1: Ground out 6-3 (Groundball, 6)
Batting: SHB Ricardo Ríos 0-0: SINGLE (Flyball, 7S)
Batting: LHB Júlio Solís 0-0: Called Strike
0-1: Ball
1-1: Swinging Strike
1-2: Strikes out swinging
Bottom of the 4th over - 0 runs, 1 hit, 0 errors, 1 left on base; Belleville 0 - Idaho Falls 3
TOP OF THE 5TH
Belleville Bulls batting - Pitching for Idaho Falls Chukars : RHP José Gómez
Batting: LHB Juan Rodríguez 0-0: Called Strike
0-1: Swinging Strike
0-2: Ball
1-2: Ball
2-2: Foul Ball, location: 2F
2-2: Strikes out looking
Batting: RHB Cary Collins 0-0: Ball
1-0: Foul Ball, location: 2F
1-1: Foul Ball, location: 2F
1-2: Ground out 6-3 (Groundball, 6S)
Batting: RHB Gary Goodwin 0-0: Ball
1-0: Called Strike
1-1: Foul Ball, location: 2F
1-2: Strikes out swinging
Top of the 5th over - 0 runs, 0 hits, 0 errors, 0 left on base; Belleville 0 - Idaho Falls 3
BOTTOM OF THE 5TH
Idaho Falls Chukars batting - Pitching for Belleville Bulls : RHP António Esquivel
Batting: RHB Bellmay Blake 0-0: Called Strike
0-1: Foul Ball, location: 2F
0-2: Foul Ball, location: 2F
0-2: Fly out, F3 (Popup, 3F)
Pitching: RHP Cale Ryan
Batting: RHB Tak-wai Jia 0-0: Fly out, F3 (Line Drive, 3)
Batting: RHB Jung-heum Ho 0-0: Swinging Strike
0-1: Foul Ball, location: 2F
0-2: Strikes out swinging
Bottom of the 5th over - 0 runs, 0 hits, 0 errors, 0 left on base; Belleville 0 - Idaho Falls 3
TOP OF THE 6TH
Belleville Bulls batting - Pitching for Idaho Falls Chukars : RHP José Gómez
Batting: RHB Kazunari Mizuno 0-0: Called Strike
0-1: Called Strike
0-2: Foul Ball, location: 2F
0-2: Ball
1-2: Foul Ball, location: 2F
1-2: Ball
2-2: Foul Ball, location: 2F
2-2: Foul Ball, location: 2F
2-2: Foul Ball, location: 2F
2-2: Ball
3-2: Base on Balls
Pitching: RHP Myeong-hun Tae
Batting: RHB Aron Cruickshank 0-0: Ball
1-0: Ball
2-0: Foul Ball, location: 2F
2-1: Ball
3-1: Sac Bunt - play at first, batter safe!
Kazunari Mizuno to second
Batting: SHB Júlio Moreno 0-0: Called Strike
0-1: Ball
1-1: Called Strike
1-2: Ball
2-2: Foul Ball, location: 2F
2-2: Ball
3-2: Fly out, F9 (Flyball, 89S)
Batting: RHB Glenn Curtis 0-0: Ball
1-0: Ball
2-0: Foul Ball, location: 2F
2-1: Ball
3-1: Base on Balls
Kazunari Mizuno to third
Aron Cruickshank to second
Batting: RHB Holden Ford 0-0: Called Strike
0-1: Called Strike
0-2: Ball
1-2: Foul Ball, location: 2F
1-2: Strikes out swinging
Batting: RHB Rey McSriff 0-0: DOUBLE (Flyball, 89D)
Kazunari Mizuno scores
Aron Cruickshank scores
Glenn Curtis to third
Runner from 3rd tries for Home, SAFE, throw made at trailing runner, OUT at third!
Top of the 6th over - 3 runs, 2 hits, 0 errors, 0 left on base; Belleville 3 - Idaho Falls 3
BOTTOM OF THE 6TH
Idaho Falls Chukars batting - Pitching for Belleville Bulls : RHP Cale Ryan
Batting: SHB Joel Washington 0-0: Foul Ball, location: 2F
0-1: Ball
1-1: Foul Ball, location: 2F
1-2: Foul Ball, location: 2F
1-2: Foul Ball, location: 2F
1-2: Ball
2-2: Ball
3-2: Fly out, F7 (Flyball, 7LM)
Batting: RHB Frank Simon 0-0: Ball
1-0: Called Strike
1-1: Foul Ball, location: 2F
1-2: SINGLE (Flyball, 9LS)
Batting: RHB Rick Johnson 0-0: Ball
1-0: Ground out 5-3 (Groundball, 56S)
Frank Simon to second
Batting: RHB Ramón González 0-0: Ball
1-0: Swinging Strike
1-1: Ball
2-1: Called Strike
2-2: Ball
3-2: Strikes out looking
Bottom of the 6th over - 0 runs, 1 hit, 0 errors, 1 left on base; Belleville 3 - Idaho Falls 3
TOP OF THE 7TH
Belleville Bulls batting - Pitching for Idaho Falls Chukars : RHP Myeong-hun Tae
Batting: LHB Juan Rodríguez 0-0: Ball
1-0: Called Strike
1-1: Swinging Strike
1-2: Ball
2-2: Strikes out swinging
Batting: RHB Cary Collins 0-0: Called Strike
0-1: Ball
1-1: Ball
2-1: Ball
3-1: Base on Balls
Batting: RHB Gary Goodwin 0-0: Ball
1-0: Foul Ball, location: 2F
1-1: Ball
Cary Collins steals 2nd base
2-1: Foul Ball, location: 2F
2-2: Fly out, F3 (Line Drive, 3)
Batting: RHB Kazunari Mizuno 0-0: Intentional Walk
Batting: RHB Aron Cruickshank 0-0: Ball
1-0: Ball
2-0: Ball
3-0: Base on Balls
Cary Collins to third
Kazunari Mizuno to second
Batting: SHB Júlio Moreno 0-0: Ball
1-0: SINGLE (Groundball, 56D)
Cary Collins scores
Kazunari Mizuno to third
Aron Cruickshank to second
Runner from 3rd tries for Home, SAFE, no throw
Pitching: LHP Royce Ortíz
Batting: RHB Glenn Curtis 0-0: Foul Ball, location: 2F
0-1: Ball
1-1: Ball
2-1: Called Strike
2-2: Foul Ball, location: 2F
2-2: Ball
3-2: Base on Balls
Aron Cruickshank to third
Júlio Moreno to second
Batting: RHB Holden Ford 0-0: Ball
1-0: Ball
2-0: Swinging Strike
2-1: Called Strike
2-2: Foul Ball, location: 2F
2-2: SINGLE (Line Drive, 6MD)
Aron Cruickshank scores
Júlio Moreno to third
Glenn Curtis to second
Runner from 3rd tries for Home, SAFE, no throw
Batting: RHB Rey McSriff 0-0: Ball
1-0: Ball
2-0: Called Strike
2-1: Foul Ball, location: 2F
2-2: Strikes out looking
Top of the 7th over - 4 runs, 2 hits, 0 errors, 2 left on base; Belleville 7 - Idaho Falls 3
BOTTOM OF THE 7TH
Idaho Falls Chukars batting - Pitching for Belleville Bulls : RHP Cale Ryan
Batting: SHB Ricardo Ríos 0-0: Fly out, F7 (Flyball, 7)
Batting: LHB Júlio Solís 0-0: Swinging Strike
0-1: Swinging Strike
0-2: Ball
1-2: Ball
2-2: Strikes out swinging
Batting: RHB Bellmay Blake 0-0: Foul Ball, location: 2F
0-1: Called Strike
0-2: Ball
1-2: Strikes out swinging
Bottom of the 7th over - 0 runs, 0 hits, 0 errors, 0 left on base; Belleville 7 - Idaho Falls 3
TOP OF THE 8TH
Belleville Bulls batting - Pitching for Idaho Falls Chukars : LHP Royce Ortíz
Batting: LHB Juan Rodríguez 0-0: Called Strike
0-1: Ball
1-1: Swinging Strike
1-2: DOUBLE (Line Drive, 9LM)
Batting: RHB Cary Collins 0-0: Ball
1-0: Foul Ball, location: 2F
1-1: Ball
2-1: Foul Ball, location: 2F
2-2: Strikes out swinging
Batting: RHB Gary Goodwin 0-0: DOUBLE (Flyball, 8LXD)
Juan Rodríguez scores
Batting: RHB Kazunari Mizuno 0-0: Intentional Walk
Batting: RHB Aron Cruickshank 0-0: Foul Ball, location: 2F
0-1: Ball
1-1: Ball
2-1: Ball
3-1: Swinging Strike
3-2: Base on Balls
Gary Goodwin to third
Kazunari Mizuno to second
Batting: SHB Júlio Moreno 0-0: Grounds into double play, 3-2-3 (Groundball, 3L)
Top of the 8th over - 1 run, 2 hits, 0 errors, 2 left on base; Belleville 8 - Idaho Falls 3
BOTTOM OF THE 8TH
Idaho Falls Chukars batting - Pitching for Belleville Bulls : RHP Cale Ryan
Pitching: LHP Adrián Medrano
Batting: RHB Tak-wai Jia 0-0: Ball
1-0: Ball
2-0: Called Strike
2-1: Ball
3-1: Called Strike
3-2: Base on Balls
Batting: RHB Jung-heum Ho 0-0: SINGLE (Groundball, 6MD)
Tak-wai Jia to second
Runner from 2nd tries for 3rd, SAFE, no throw
Batting: SHB Joel Washington 0-0: Ball
1-0: Called Strike
1-1: Ball
2-1: Called Strike
2-2: Ball
3-2: Fly out, F7 (Flyball, 7S)
Batting: RHB Frank Simon 0-0: Ball
1-0: Swinging Strike
1-1: Ground out 5-3 (Groundball, 2L)
Tak-wai Jia scores
Jung-heum Ho to second
Pitching: LHP Gerald Emerson
Batting: RHB Rick Johnson 0-0: Called Strike
0-1: Foul Ball, location: 2F
0-2: Ball
1-2: SINGLE (Line Drive, 9S)
Jung-heum Ho to third
Runner from 3rd tries for Home, SAFE, no throw
Batting: RHB Ramón González 0-0: Ball
1-0: SINGLE (Line Drive, 7LM)
Rick Johnson to second
Batting: SHB Ricardo Ríos 0-0: Called Strike
0-1: Foul Ball, location: 2F
0-2: SINGLE (Flyball, 7LS)
Rick Johnson to third
Ramón González to second
Runner from 3rd tries for Home, SAFE, no throw
Pinch Runner at 2nd Jesús Bautista:
Pinch Hitting: SHB Alvin Peterson 0-0: Ball
1-0: Ball
2-0: Ball
3-0: Foul Ball, location: 2F
3-1: Called Strike
3-2: Strikes out swinging
Bottom of the 8th over - 3 runs, 4 hits, 0 errors, 2 left on base; Belleville 8 - Idaho Falls 6
TOP OF THE 9TH
Belleville Bulls batting - Pitching for Idaho Falls Chukars : LHP Royce Ortíz
Pitching: RHP Cliff Claven
Now at SS: Alvin Peterson
Now in CF: Toby Caunce
Batting: RHB Glenn Curtis 0-0: Swinging Strike
0-1: Ground out 1-3 (Groundball, 13)
Batting: RHB Holden Ford 0-0: Called Strike
0-1: Ball
1-1: Foul Ball, location: 2F
1-2: Strikes out swinging
Batting: RHB Rey McSriff 0-0: Foul Ball, location: 2F
0-1: Swinging Strike
0-2: Ball
1-2: Foul Ball, location: 2F
1-2: Ball
2-2: Foul Ball, location: 2F
2-2: Strikes out swinging
Top of the 9th over - 0 runs, 0 hits, 0 errors, 0 left on base; Belleville 8 - Idaho Falls 6
BOTTOM OF THE 9TH
Idaho Falls Chukars batting - Pitching for Belleville Bulls : LHP Gerald Emerson
Pitching: LHP Jeff McBride
Batting: RHB Bellmay Blake 0-0: Fly out, F9 (Line Drive, 9)
Batting: RHB Tak-wai Jia 0-0: Ball
1-0: Called Strike
1-1: Foul Ball, location: 2F
1-2: SINGLE (Groundball, 34D)
Batting: RHB Jung-heum Ho 0-0: Ball
1-0: Swinging Strike
1-1: Swinging Strike
1-2: Foul Ball, location: 2F
1-2: Foul Ball, location: 2F
1-2: Ball
2-2: Ball
3-2: Foul Ball, location: 2F
3-2: Strikes out swinging
Batting: SHB Joel Washington 0-0: Hit by Pitch
Tak-wai Jia to second
Pinch Runner at 2nd Júlio Soto:
Batting: RHB Frank Simon 0-0: Ball
1-0: Swinging Strike
1-1: Swinging Strike
1-2: Ball
2-2: Fly out, F8 (Flyball, 78M)
Bottom of the 9th over - 0 runs, 1 hit, 0 errors, 2 left on base; Belleville 8 - Idaho Falls 6
Friday, March 29th, 2019 - OOTP Baseball 18.8 Build 76